 Dungeon Crawl Stone Soup version 0.25.1-2-g60ff931df9 (webtiles) character file.

Game seed: 5706653380917268339

7060 DerDa the Arsonist (level 11, -2/67 HPs)
             Began as an Octopode Fire Elementalist on Oct 9, 2020.
             Was a Believer of Sif Muna.
             Slain by a troll (8 damage)
             ... on level 10 of the Dungeon.
             The game lasted 00:31:25 (12302 turns).

DerDa the Arsonist (Octopode Fire Elementalist)    Turns: 12302, Time: 00:31:28

Health: -2/67      AC:  1    Str:  8    XL:     11   Next: 9%
Magic:  1/22       EV: 14    Int: 21    God:    Sif Muna [**....]
Gold:   751        SH:  0    Dex: 12    Spells: 15/25 levels left

rFire    . . .     SeeInvis .   f - +2 short sword (elec)
rCold    . . .     Gourm    .   (no shield)
rNeg     . . .     Faith    +   (helmet restricted)
rPois    .         Spirit   .   s - amulet of faith
rElec    .         Reflect  .   x - ring of flight
rCorr    .         Harm     .   (no ring)
MR       .....                  (no ring)
Stlth    +++.......             O - ring of wizardry
HPRegen  0.21/turn              (no ring)
MPRegen  0.18/turn              (no ring)
                                (no ring)
                                (no ring)

@: no status effects
A: almost no armour, stealthy swim, amphibious, 8 rings, constrict 8, camouflage
1, gelatinous body 1
a: Channel Magic, Renounce Religion, Evoke Flight


You were on level 10 of the Dungeon.
You worshipped Sif Muna.
Sif Muna was pleased with you.
You were not hungry.

You visited 2 branches of the dungeon, and saw 11 of its levels.

You collected 751 gold pieces.

Inventory:

Hand Weapons
 f - a +2 short sword of electrocution (weapon)
 C - a cursed +3 mace of freezing
 D - a +2 scimitar
 L - a +3 whip
Missiles
 g - 274 stones (quivered)
 i - 20 poisoned darts
Armour
 H - a +0 buckler
Magical Staves
 a - an uncursed staff of wizardry {unknown}
Jewellery
 s - an amulet of faith (around mantle)
 x - a ring of flight (left tentacle)
 O - a ring of wizardry (on tentacle)
Wands
 n - a wand of acid (10)
 r - a wand of flame (50)
Scrolls
 d - 2 scrolls of fear
 j - a scroll of remove curse
 m - 2 scrolls of fog
 p - 3 scrolls of immolation
 t - 4 scrolls of teleportation
 v - a scroll of enchant weapon
 w - a scroll of blinking
 y - a scroll of amnesia
 z - 2 scrolls of vulnerability
 F - a scroll of summoning
 J - 4 scrolls of enchant armour
Potions
 c - 5 potions of might
 h - 4 potions of heal wounds
 k - 2 potions of flight
 l - a potion of lignification {unknown}
 o - 3 potions of stabbing {unknown}
 q - 2 potions of resistance {unknown}
 u - a potion of magic {unknown}
 A - 6 potions of curing {unknown}
 E - 3 potions of mutation {unknown}
 G - a potion of invisibility {unknown}
 N - a potion of degeneration {unknown}
Miscellaneous
 e - a box of beasts
Comestibles
 b - 18 rations


   Skills:
 + Level 3.4 Fighting
 + Level 4.0 Dodging
 - Level 2.6 Stealth
 - Level 4.0 Shields
 * Level 7.9 Spellcasting
 * Level 8.4 Conjurations
 * Level 8.9 Fire Magic
 + Level 3.6 Invocations
 + Level 3.8 Evocations


You had 15 spell levels left.
You knew the following spells:

 Your Spells              Type           Power        Failure   Level  Hunger
a - Foxfire               Conj/Fire      ####         1%          1    None
b - Sticky Flame          Conj/Fire      #####...     1%          4    ###....
c - Fireball              Conj/Fire      #####.....   2%          5    #####..

Your spell library contained the following spells:

 Spells                   Type           Power        Failure   Level  Hunger
 Conjure Flame            Conj/Fire      #####...     1%          3    None
 Inner Flame              Hex/Fire       ####....     1%          3    None
 Stone Arrow              Conj/Erth      ####..       1%          3    None
 Sandblast                Erth           #.....       3%          1    None
 Passwall                 Tmut/Erth      #.......     4%          2    None
 Confusing Touch          Hex            #.......     10%         3    None
 Gell's Gravitas          Tloc           #.........   10%         3    None
 Petrify                  Tmut/Erth      #.......     32%         4    ###....
 Lee's Rapid Deconstruct  Erth           #.........   63%         5    #####..
 Metabolic Englaciation   Hex/Ice        #.........   63%         5    #####..
 Yara's Violent Unravell  Hex/Tmut       #.........   63%         5    #####..


Dungeon Overview and Level Annotations

Branches:
Dungeon (10/15)            Temple (1/1) D:6
   Lair: D:8-11         Orc: D:9-12

Altars:
Ashenzari
Cheibriados
Dithmenos
Elyvilon
Fedhas
Gozag
Hepliaklqana
Kikubaaqudgha
Makhleb
Nemelex Xobeh
Okawaru
Qazlal
Ru
Sif Muna
Trog
Uskayaw
Vehumet
Wu Jian
Xom
Yredelemnul
Zin
The Shining One

Shops:
D:8 :


Innate Abilities, Weirdness & Mutations

You cannot wear most types of armour.
You are very stealthy in the water. (Stealth+)
You are amphibious.
You can wear up to eight rings at the same time.
You can use your tentacles to constrict eight enemies at once.
Your skin changes colour to match your surroundings (Stealth+).
Your rubbery body absorbs attacks. (AC +1, EV +1)


Message History

The sticky flame hits the troll.
The troll is lightly wounded.
The troll is covered in liquid flames!
The troll burns!
The troll closely misses you. The troll claws you! The troll claws you.
The troll burns!
The troll burns!
The troll burns!
The troll stops burning.
Casting: Sticky Flame (dangerous; 1% risk of failure)
Confirm with . or Enter, or press ? or * to list all spells.
Aiming: Sticky Flame (dangerous; 1% risk of failure)
Press: ? - help, Shift-Dir - straight line, f/p - troll
Aim: a troll (heavily wounded)
The sticky flame hits the troll.
The troll is heavily wounded.
The troll is covered in liquid flames!
The troll burns!
The troll bites you!
* * * LOW HITPOINT WARNING * * *
The troll claws you!
* * * LOW HITPOINT WARNING * * *
The troll claws you!
You die...

###..#... #. #.....#
..#.#.... #.##.....#
#.....#>### #..#.....#
#.$...#...#####.......#
..#...................#
........#....)........#
.......##...####......##
###...W.....####.......#
##...###.#..)@........#
.............T.........#
##.(..##.....###########
#..#.....###.####
#.##.....#......#
#.##..#.........#
........##......#
..########......#
#...<..#


You could see a troll (burning).

Vanquished Creatures
  2 two-headed ogres
  Joseph (D:9)
  A troll (D:10)
  8 yaks
  Duvessa (D:4)
  A sky beast (D:7)
  3 orc warriors
  A phantom (D:9)
  6 ogres
  A necrophage (D:5)
  3 big kobolds
  2 bullfrogs
  Dowan (D:4)
  3 scorpions
  6 killer bees
  5 wights
  2 howler monkeys
  7 electric eels
  2 quasits (D:9)
  7 crimson imps
  A bullfrog zombie (D:10)
  A centaur zombie (D:10)
  2 hounds
  3 bullfrog skeletons
  6 orc priests
  2 jellies
  9 orc wizards
  Terence (D:2)
  5 iguanas
  3 worker ants
  A gnoll (D:1)
  2 worker ant zombies
  10 adders
  2 shadow imps (D:5)
  2 oozes
  2 adder zombies
  3 adder skeletons
  2 worms
  7 dart slugs
  4 leopard geckos
  32 orcs
  6 giant cockroaches
  6 goblins
  8 hobgoblins
  7 jackals
  23 kobolds
  4 quokkas
  A ball python (D:4)
  4 bats
  A giant cockroach zombie (D:5)
  A leopard gecko skeleton (D:4)
  A quokka skeleton (D:4)
  10 rats
235 creatures vanquished.

Vanquished Creatures (others)
  777 foxfires
777 creatures vanquished.

Grand Total: 1012 creatures vanquished

Notes
Turn   | Place    | Note
-------+----------+-------------------------------------------
     0 | D:1      | DerDa the Octopode Fire Elementalist began the quest for
                  | the Orb.
     0 | D:1      | Reached XP level 1. HP: 11/11 MP: 3/3
   220 | D:1      | Reached XP level 2. HP: 17/17 MP: 1/5
   638 | D:1      | Reached XP level 3. HP: 15/21 MP: 0/6
  1446 | D:2      | Found a faded altar of an unknown god.
  1456 | D:2      | Reached XP level 4. HP: 27/27 MP: 0/8
  1589 | D:2      | Noticed Terence
  1596 | D:2      | Learned a level 4 spell: Sticky Flame
  1770 | D:2      | Reached XP level 5. HP: 31/31 MP: 0/9
  2454 | D:2      | Learned a level 5 spell: Fireball
  2458 | D:2      | Killed Terence
  3028 | D:3      | Reached XP level 6. HP: 36/36 MP: 3/11
  3638 | D:4      | Noticed Duvessa
  3638 | D:4      | Noticed Dowan
  4273 | D:4      | Reached skill level 5 in Fire Magic
  4273 | D:4      | Reached XP level 7. HP: 41/41 MP: 9/13
  4296 | D:4      | Killed Duvessa
  4895 | D:4      | Killed Dowan
  5151 | D:5      | Entered Level 5 of the Dungeon
  5264 | D:5      | Reached skill level 5 in Conjurations
  5264 | D:5      | Reached XP level 8. HP: 27/46 MP: 3/15
  5269 | D:5      | Reached skill level 5 in Spellcasting
  6887 | D:6      | Noticed a moth of wrath
  6890 | D:6      | Found a bloodstained altar of Trog.
  7032 | D:6      | Reached XP level 9. HP: 51/51 MP: 13/18
  7175 | D:6      | Found a staircase to the Ecumenical Temple.
  7350 | Temple   | Entered the Ecumenical Temple
  7441 | Temple   | Became a worshipper of Sif Muna the Loreminder
  8393 | D:7      | Reached skill level 1 in Invocations
  8685 | D:8      | Reached skill level 1 in Fighting
  8872 | D:8      | Reached skill level 1 in Evocations
  8887 | D:8      | Reached * piety under Sif Muna
  8898 | D:8      | Noticed a two-headed ogre
  9045 | D:8      | Reached skill level 1 in Shields
  9685 | D:8      | Found Veji's Book Boutique.
  9913 | D:8      | Killed a two-headed ogre
  9913 | D:8      | Reached XP level 10. HP: 49/60 MP: 3/20
 10095 | D:8      | Found a glowing golden altar of the Shining One.
 10141 | D:9      | Found a transporter.
 10186 | D:9      | Found a transporter.
 10863 | D:9      | Noticed Joseph
 10873 | D:9      | Killed Joseph
 10899 | D:9      | Reached ** piety under Sif Muna
 11713 | D:9      | Found a hazy altar of Hepliaklqana.
 11883 | D:10     | Entered Level 10 of the Dungeon
 12176 | D:10     | Noticed a two-headed ogre
 12241 | D:10     | Killed a two-headed ogre
 12241 | D:10     | Reached XP level 11. HP: 24/67 MP: 0/22
 12302 | D:10     | Slain by a troll

Illustrated notes

Levels and vault maps discovered:
D:1:      eino_arrival_cavern_a, layout_basic
D:2:      layout_basic, first_ration, chequers_ecumenical_altar_simple,
          uniq_terence
D:3:      layout_basic
D:4:      minmay_inner_zag, layout_cave_pools, kennysheep_generic_room_15,
          uniq_duvessa
D:5:      layout_basic, minmay_bent
D:6:      layout_basic, minmay_temple_entry_mini_moons, tgw_trog
D:7:      layout_cave_pools, serial_bayou, serial_bayou_pond_a,
          serial_bayou_shore_a, serial_bayou_lake_a, serial_bayou_pond_c
D:8:      layout_loops_cross, serial_shops, kennysheep_mini_moat, tso_altar
D:9:      gammafunk_steamed_eel, layout_irregular_city,
          lemuel_coloured_pillars_altar, uniq_joseph
D:10:     layout_rooms
Temple:   grunt_wide_crystal_templ

Skill      XL: |  1  2  3  4  5  6  7  8  9 10 |
---------------+-------------------------------+-----
Conjurations   | 2 3 4 5 6 7 8 |  8.4
Spellcasting   | 3 4 6 7 |  7.9
Fire Magic     | 4 5 7 8 |  8.9
Invocations    | 2 3 |  3.6
Fighting       | 2 3 |  3.4
Evocations     | 2 3 |  3.8
Shields        | 2 4 |  4.0
Dodging        | 3 4 |  4.0
Stealth        | |  2.6

Action                   |  1- 3 |  4- 6 |  7- 9 | 10-12 || total
-------------------------+-------+-------+-------+-------++-------
Melee: Whip              |     3 |       |       |       ||     3
       Constrict         |     3 |     7 |    13 |     5 ||    28
       Short sword       |     5 |    30 |    53 |    24 ||   112
       Tentacles         |     2 |     5 |     7 |     5 ||    19
 Cast: Foxfire           |    40 |    99 |   238 |    89 ||   466
       Sticky Flame      |       |     1 |    14 |    11 ||    26
       Fireball          |       |       |     6 |    12 ||    18
Evoke: Wand              |       |       |       |     2 ||     2
  Use: Scroll            |       |       |       |    16 ||    16
 Stab: Sleeping          |       |     1 |     3 |       ||     4
  Eat: Chunk             |     1 |     9 |    18 |     5 ||    33
       Ration            |       |       |     1 |     2 ||     3
Armor: Skin              |     1 |     2 |     4 |     5 ||    12
Dodge: Dodged            |    10 |    26 |    49 |    39 ||   124
